 Dungeon Crawl Stone Soup version 0.20.1-1-g8b1a95d (webtiles) character file.

779 digijack the Covert (level 7, 0/49 HPs)
             Began as an Octopode Assassin on Nov 29, 2017.
             Slain by an orc
             ... wielding a +2 hand axe of electrocution
              (12 damage)
             ... on level 6 of the Dungeon.
             The game lasted 00:22:05 (4828 turns).

digijack the Covert (Octopode Assassin)             Turns: 4828, Time: 00:22:05

Health: 0/49       AC:  3    Str: 11    XL:     7   Next: 85%
Magic:  7/7        EV: 15    Int: 15    God:
Gold:   337        SH:  0    Dex: 15    Spells: 6/6 levels left

rFire    . . .     SeeInvis .   a - +5 dagger
rCold    . . .     Gourm    .   (no shield)
rNeg     . . .     Faith    .   (helmet restricted)
rPois    +         Spirit   .   (no amulet)
rElec    .         Reflect  .   m - ring of poison resistance
rCorr    .         Harm     .   (no ring)
MR       .....                  (no ring)
Stlth    +++++.....             (no ring)
Regen    0.2/turn               (no ring)
MPRegen  0.1/turn               (no ring)
                                (no ring)
                                (no ring)

@: about to teleport
A: almost no armour, stealthy swim, amphibious, 8 rings, constrict 8, slimy
green scales 1, camouflage 1, clever 1, mutation resistance 1, sense
surroundings 1, gelatinous body 1
a: no special abilities


You were on level 6 of the Dungeon.
You were not hungry.

You visited 1 branch of the dungeon, and saw 6 of its levels.

You collected 337 gold pieces.

Inventory:

Hand Weapons
 a - a +5 dagger (weapon)
Jewellery
 h - an uncursed ring of fire
 m - a ring of poison resistance (left tentacle)
Wands
 j - a wand of flame (28/48)
 n - a wand of random effects (27/48)
 o - a wand of confusion (27/48)
 r - a wand of lightning (9/15)
Scrolls
 c - 2 scrolls of teleportation
 d - a scroll of fog
 e - 2 scrolls of remove curse
 i - 5 scrolls of identify
 l - a scroll of amnesia
Potions
 b - a potion of heal wounds
Books
 s - a book of Maledictions

   Spells                             Type                      Level
   a - Corona                         Hexes                        1
   b - Ensorcelled Hibernation        Hexes/Ice                    2
   c - Confuse                        Hexes                        3
   d - Tukima's Dance                 Hexes                        3
   e - Dazzling Spray                 Conjuration/Hexes            3
Comestibles
 f - 2 bread rations
 g - 3 meat rations
 p - 3 royal jellies
 q - 17 chunks of flesh


   Skills:
 + Level 4.5 Fighting
 + Level 4.6 Short Blades
 - Level 2.4 Throwing
 + Level 3.8 Dodging
 + Level 8.1 Stealth


You had 6 spell levels left.
You didn't know any spells.

Dungeon Overview and Level Annotations

Branches:
Dungeon (6/15)
 Temple: D:4-7

Altars:
Kikubaaqudgha
Qazlal
Ru
Beogh


Innate Abilities, Weirdness & Mutations

You cannot wear most types of armour.
You are very stealthy in the water. (Stealth+)
You are amphibious.
You can wear up to eight rings at the same time.
You can use your tentacles to constrict eight enemies at once.
Your skin changes colour to match your surroundings (Stealth+).
Your rubbery body absorbs attacks. (AC +1, EV +1)
You are partially covered in slimy green scales. (AC +2)
Your mind is acute. (Int +2)
You are somewhat resistant to further mutation.
You passively map a small area around you.


Message History

You constrict the orc warrior, but do no damage.
The ice beast completely misses you.
The orc warrior escapes!
You hit the orc warrior but do no damage.
You grab the orc warrior.
The orc warrior is moderately wounded.
You constrict the orc warrior, but do no damage.
The ice beast hits you. The ice beast freezes you.
The orc hits you but does no damage. The orc warrior barely misses you.
You closely miss the orc. Your grab misses the orc.
You constrict the orc warrior.
The ice beast hits you but does no damage.
You release your grip on the orc warrior.
The orc warrior hits you with a short sword!
As you read the scroll of teleportation, it crumbles to dust.
You feel strangely unstable.
The orc warrior hits you with a short sword!
The orc hits you with a hand axe of electrocution.
* * * LOW HITPOINT WARNING * * *
You are electrocuted!
You die...

#.##############
############.#
#............#
#....#########
###....#############
#..................##
#............Y......#
#.^..........oo.....#
#...........@.5oo...#
#........#######....# *
#........#######....####
#.............o?........,,
#...>..........o5.......
*.......$###.....#######
#######* #.....# #.....# *
,, ####### ,


You could see an orc warrior, an ice beast, an orc priest, a shadow imp and 2
orcs.

Vanquished Creatures
  Grinder (D:5)
  A bullfrog (D:6)
  A scorpion (D:5)
  An orc priest (D:4)
  A hound (D:6)
  A jelly (D:6)
  An orc wizard (D:4)
  A bullfrog skeleton (D:6)
  A centaur skeleton (D:4)
  An iguana (D:5)
  Ijyb (D:4)
  Terence (D:3)
  7 gnolls
  4 adders
  A shadow imp (D:5)
  A dart slug (D:1)
  A worm (D:2)
  6 leopard geckos
  14 orcs
  2 ball pythons
  5 giant cockroaches
  6 goblins
  6 hobgoblins
  7 jackals (D:3)
  2 quokkas
  7 bats
  2 frilled lizards (D:1)
  7 kobolds
  7 rats
97 creatures vanquished.

Vanquished Creatures (others)
  A plant (D:4)
1 creature vanquished.

Grand Total: 98 creatures vanquished

Notes
Turn   | Place    | Note
-------+----------+-------------------------------------------
     0 | D:1      | digijack the Octopode Assassin began the quest for the Orb.
     0 | D:1      | Reached XP level 1. HP: 14/14 MP: 1/1
   363 | D:1      | Reached XP level 2. HP: 19/19 MP: 2/2
   808 | D:1      | Reached XP level 3. HP: 24/24 MP: 3/3
  1257 | D:2      | Reached skill level 6 in Stealth
  1779 | D:3      | Reached XP level 4. HP: 24/30 MP: 4/4
  1936 | D:3      | Noticed Terence
  1942 | D:3      | Killed Terence
  2407 | D:3      | Reached XP level 5. HP: 36/36 MP: 5/5
  2876 | D:4      | Gained mutation: You passively map a small area around you. [potion of mutation]
  2876 | D:4      | Gained mutation: Your mind is acute. (Int +2) [potion of mutation]
  2876 | D:4      | Gained mutation: You are partially covered in slimy green scales. (AC +2) [potion of mutation]
  2876 | D:4      | Gained mutation: You are somewhat resistant to further mutation. [potion of mutation]
  3006 | D:4      | Found a sacrificial altar of Ru.
  3045 | D:4      | Found a stormy altar of Qazlal.
  3230 | D:4      | Found a roughly hewn altar of Beogh.
  3296 | D:4      | Reached XP level 6. HP: 30/42 MP: 6/6
  3772 | D:4      | Reached skill level 7 in Stealth
  3907 | D:4      | Noticed Ijyb
  3922 | D:4      | Killed Ijyb
  3979 | D:5      | Entered Level 5 of the Dungeon
  4056 | D:5      | Found an ancient bone altar of Kikubaaqudgha.
  4077 | D:5      | Noticed Grinder
  4091 | D:5      | Killed Grinder
  4091 | D:5      | Reached XP level 7. HP: 19/48 MP: 7/7
  4699 | D:6      | Reached skill level 8 in Stealth
  4828 | D:6      | Slain by an orc

Skill      XL: |  1  2  3  4  5  6  7 |
---------------+----------------------+-----
Stealth        | 6 7 8 |  8.1
Short Blades   | 3 4 |  4.6
Fighting       | 3 4 |  4.5
Dodging        | 2 3 |  3.8
Throwing       | |  2.4

Action                   |  1- 3 |  4- 6 |  7- 9 || total
-------------------------+-------+-------+-------++-------
Melee: Dagger            |    63 |   108 |    44 ||   215
       Constrict         |    11 |    29 |    10 ||    50
       Tentacles         |     5 |    26 |     9 ||    40
  Use: Scroll            |     8 |     3 |     3 ||    14
       Potion            |     3 |     5 |       ||     8
 Stab: Sleeping          |    17 |     6 |     5 ||    28
       Distracted        |     1 |       |       ||     1
       Paralysed         |       |     1 |       ||     1
  Eat: Chunk             |     3 |     2 |     3 ||     8
       Bread ration      |       |     1 |       ||     1
Armor: Skin              |     7 |    14 |     5 ||    26
Dodge: Dodged            |    30 |    61 |    26 ||   117
